 Dungeon Crawl Stone Soup version 0.27.1-34-g3ba077fa99 (webtiles) character file.

Game seed: 17841544814588419116

83 ticklebelly the Skirmisher (level 4, -3/41 HPs)
             Began as a Minotaur Berserker on Jan 7, 2022.
             Was a Believer of Trog.
             Splashed by Ijyb's acid (14 damage)
             ... on level 3 of the Dungeon.
             The game lasted 00:04:59 (2733 turns).

ticklebelly the Skirmisher (Minotaur Berserker)     Turns: 2733, Time: 00:05:00

Health: -3/41      AC:  7    Str: 22    XL:     4   Next: 22%
Magic:  3/3        EV:  7    Int:  4    God:    Trog [**....]
Gold:   182        SH:  5    Dex: 10    Spells: 3/3 levels left

rFire    . . .     SeeInvis .   a - +0 hand axe
rCold    . . .     Faith    .   (no shield)
rNeg     . . .     Spirit   .   h - +0 plate armour
rPois    .         Reflect  +   (helmet restricted)
rElec    .         Harm     .   (no cloak)
rCorr    .         Rampage  .   (no gloves)
Will     .....                  (no boots)
Stlth    ..........             j - amulet of reflection
HPRegen  0.13/turn              (no ring)
MPRegen  0.08/turn              (no ring)

@: corroded
A: horns 2, retaliatory headbutt
a: Renounce Religion, Berserk, Trog's Hand


You were on level 3 of the Dungeon.
You worshipped Trog.
Trog was pleased with you.
You visited 1 branch of the dungeon, and saw 3 of its levels.

You collected 182 gold pieces.

Inventory:

Hand Weapons
 a - a +0 hand axe (weapon)
Armour
 h - a +0 plate armour (worn)
Jewellery
 j - an amulet of reflection (around neck)
Scrolls
 b - 2 scrolls of vulnerability {unknown}
 c - 3 scrolls of identify {unknown}
 d - 2 scrolls of blinking {unknown}
 e - 2 scrolls of amnesia {unknown}
 g - a scroll of magic mapping {unknown}
 i - a scroll of immolation {unknown}
Potions
 f - a potion of attraction {unknown}
 k - 2 potions of magic {unknown}
 l - a potion of heal wounds {unknown}
 m - a potion of curing {unknown}


   Skills:
 + Level 4.6 Fighting
 + Level 4.6 Axes
 + Level 3.7 Armour
 - Level 2.1 Dodging


You had 3 spell levels left.
You didn't know any spells.
Your spell library was empty.

Dungeon Overview and Level Annotations

Branches:
Dungeon (3/15)

Altars:

Annotations:
D:3 Ijyb


Innate Abilities, Weirdness & Mutations

You have a pair of horns on your head.
You reflexively headbutt those who attack you in melee.


Message History

A goblin is nearby!
The goblin shoots a stone.
The stone hits you but does no damage.
The goblin shoots a stone.
The stone barely misses you.
The goblin shoots a stone.
The stone hits you but does no damage.
The goblin unwields a +0 hunting sling.
The goblin wields a +0 club.
The goblin closely misses you.
You slash the goblin!
You kill the goblin!
Trog accepts your kill.
No target in view!
Things that are here:
a +0 club; a +0 hunting sling; 21 stones
c - 3 scrolls labelled EJOOSTRUDIEK (gained 1)
A ball python comes into view.
The ball python hisses angrily.
A ball python is nearby!
A ball python is nearby!
A ball python is nearby!
The ball python bites you but does no damage.
You block the ball python's attack.
You slash the ball python!
You kill the ball python!
Trog accepts your kill.
No target in view!
You see here a ball python corpse.
Ijyb the Twisted Goblin comes into view.
She is wielding a +7 club and carrying a wand of acid (5).
Found a stone staircase leading down.
Ijyb is nearby!
Ijyb is nearby!
Ijyb is nearby!
Ijyb screams, "I cut your head off!"
A kobold comes into view. It is wielding a +0 whip.
The kobold shouts!
Ijyb zaps a wand.
The bolt of acid hits you! The acid corrodes you!
You are splashed with acid.
Ijyb screams, "Me very upset!"
Ijyb zaps a wand.
The bolt of acid hits you!
* * * LOW HITPOINT WARNING * * *
The acid corrodes you!
You are splashed with acid!
You die...

..# ..# ####..#
#...K.# #...#.##
#.>.... #g..# #
#.#####@.##.#
#...........#
##############..####
#...†...........#
#.#############.#
#.# .# #.# .# #.# .#
#.# .#


You could see Ijyb and a kobold.

Vanquished Creatures
  2 adders (D:2)
  4 dart slugs
  6 endoplasms
  A giant cockroach (D:1)
  2 goblins
  5 hobgoblins
  4 jackals (D:1)
  7 kobolds
  5 ball pythons
  16 frilled lizards
  7 rats
59 creatures vanquished.

Vanquished Creatures (others)
  7 plants (D:2)
7 creatures vanquished.

Grand Total: 66 creatures vanquished

Notes
Turn   | Place    | Note
-------+----------+-------------------------------------------
     0 | D:1      | ticklebelly the Minotaur Berserker began the quest for the
                  | Orb.
     0 | D:1      | Reached XP level 1. HP: 19/19 MP: 0/0
   173 | D:1      | Reached XP level 2. HP: 22/27 MP: 1/1
   698 | D:1      | Reached XP level 3. HP: 27/33 MP: 2/2
   795 | D:1      | Reached ** piety under Trog
  2010 | D:2      | Reached XP level 4. HP: 41/41 MP: 3/3
  2504 | D:3      | Found a faded altar of an unknown god.
  2730 | D:3      | Noticed Ijyb
  2733 | D:3      | Splashed by Ijyb's acid

Illustrated notes

Levels and vault maps discovered:
D:1:      evilmike_arrival_crescent, layout_basic, serial_corexii_hall,
          chequers_hall_statues_corner_a, corexii_hall_statues_deadend,
          chequers_hall_statues_wall_a, nrook_mini_backslash, minmay_tall_x
D:2:      layout_basic, roderic_three_in_a_row, minmay_lizard_king
D:3:      layout_loops_ring, shapermc_ecumenical_altar_venn, uniq_ijyb

Skill      XL: |  1  2 |
---------------+-------+-----
Fighting       | 4 |  4.6
Axes           | 4 |  4.6
Armour         | 3 |  3.7
Dodging        | |  2.1

Action                   |  1- 3 |  4- 6 || total
-------------------------+-------+-------++-------
Melee: Hand axe          |   107 |    19 ||   126
       Headbutt          |    14 |     2 ||    16
Invok: Berserk           |     1 |       ||     1
 Stab: Sleeping          |     1 |       ||     1
Armor: Animal skin       |     5 |       ||     5
       Plate armour      |    22 |     8 ||    30
Dodge: Dodged            |    37 |     7 ||    44
Block: Other             |     3 |     4 ||     7
